 Dungeon Crawl Stone Soup version 0.24.0-13-gcf9b3192b9 (webtiles) character file.

Game seed: 11165332867114287959, levelgen mode: deterministic

78 Mrkan the Poker (level 4, -6/34 HPs)
             Began as a Merfolk Gladiator on Nov 5, 2019.
             Was an Initiate of Dithmenos.
             Shot with an arrow by a centaur (8 damage)
             ... on level 3 of the Dungeon.
             The game lasted 00:03:54 (2289 turns).

Mrkan the Poker (Merfolk Gladiator)                 Turns: 2289, Time: 00:03:55

Health: -6/34      AC:  4    Str: 14    XL:     4   Next: 36%
Magic:  4/4        EV: 14    Int:  7    God:    Dithmenos [......]
Gold:   39         SH:  0    Dex: 16    Spells: 3/3 levels left

rFire    . . .     SeeInvis .   a - +1 trident
rCold    . . .     Gourm    .   (no shield)
rNeg     . . .     Faith    .   b - +0 leather armour
rPois    .         Spirit   .   p - +0 helmet
rElec    .         Reflect  .   (no cloak)
rCorr    .         Harm     .   (no gloves)
MR       .....                  (no boots)
Stlth    +.........             (no amulet)
HPRegen  0.11/turn              (no ring)
MPRegen  0.09/turn              (no ring)

@: no status effects
A: change form in water, swift swim, stealthy swim
a: Renounce Religion


You were on level 3 of the Dungeon.
You worshipped Dithmenos.
Dithmenos was noncommittal.
You were hungry.

You visited 1 branch of the dungeon, and saw 3 of its levels.

You collected 39 gold pieces.

Inventory:

Hand Weapons
 a - a +1 trident (weapon)
Missiles
 d - 3 throwing nets (quivered)
Armour
 b - a +0 leather armour (worn)
 c - a +0 helmet
 j - a cursed +0 chain mail
 p - a +0 helmet (worn)
Jewellery
 l - an uncursed ring of magical power {unknown}
 m - a +3 ring of evasion {unknown}
 s - an uncursed ring of see invisible {unknown}
Scrolls
 e - 3 scrolls of teleportation
 i - a scroll of remove curse
 q - a scroll of fog
Potions
 g - a potion of curing {unknown}
 h - a potion of agility {unknown}
 n - a potion of flight {unknown}
Comestibles
 f - 8 rations
 k - 3 chunks of flesh


   Skills:
 + Level 2.9 Fighting
 * Level 5.7 Polearms
 + Level 2.6 Throwing
 + Level 4.6 Dodging


You had 3 spell levels left.
You didn't know any spells.
Your spell library contained the following spells:

 Spells                   Type           Power        Failure   Level  Hunger
 Magic Dart               Conj           #...         52%         1    ##.....
 Blink                    Tloc           N/A          65%         2    ###....
 Call Imp                 Summ           #.......     65%         2    ###....
 Slow                     Hex            #.......     65%         2    ###....
 Conjure Flame            Conj/Fire      #.......     87%         3    ####...
 Mephitic Cloud           Conj/Pois/Air  #.......     87%         3    ####...


Dungeon Overview and Level Annotations

Branches:
Dungeon (3/15)

Altars:
Dithmenos


Message History

A kobold comes into view. It is wielding a +0 club.
The centaur hits you.
A rat comes into view.
Found a stone staircase leading down.
The centaur wields a +0 shortbow.
The centaur shoots an arrow.
The arrow hits you!
The kobold shouts!
You see here an arrow.
The centaur shoots an arrow.
The arrow completely misses you.
You see here an arrow.
The centaur shoots an arrow.
The arrow misses you.
The centaur shoots an arrow.
The arrow barely misses you.
You see here 2 arrows.
The centaur shoots an arrow.
The arrow hits you!
You see here an arrow.
The centaur shoots an arrow.
The arrow hits you!
* * * LOW HITPOINT WARNING * * *
You see here an arrow.
The centaur shoots an arrow.
The arrow hits you!
You die...

# ...#..r#
..#.##.#?#.#.###
...........>....
....####.# ###
#.......(####.#
.....#...(.((.#
#######K#####c#
......[.......#
#######@#######
#.#######
#......<#
#########


You could see a centaur and a kobold.

Vanquished Creatures
  Robin (D:2)
  2 worms (D:2)
  A leopard gecko (D:2)
  A ball python (D:1)
  5 giant cockroaches (D:1)
  12 goblins
  8 hobgoblins
  3 jackals (D:2)
  6 kobolds
  A quokka (D:2)
  4 bats
  8 frilled lizards
  3 rats
55 creatures vanquished.

Notes
Turn   | Place    | Note
-------+----------+-------------------------------------------
     0 | D:1      | Mrkan the Merfolk Gladiator began the quest for the Orb.
     0 | D:1      | Reached XP level 1. HP: 16/16 MP: 1/1
    77 | D:1      | Reached XP level 2. HP: 17/23 MP: 2/2
   388 | D:1      | Reached skill level 5 in Polearms
   542 | D:1      | Reached XP level 3. HP: 27/28 MP: 3/3
   823 | D:2      | Noticed Robin
   867 | D:2      | Killed Robin
  1368 | D:2      | Reached XP level 4. HP: 34/34 MP: 4/4
  1822 | D:2      | Found a shadowy altar of Dithmenos.
  1836 | D:2      | Became a worshipper of Dithmenos the Shadowed
  2273 | D:3      | Noticed a centaur
  2289 | D:3      | Shot with an arrow by a centaur

Levels and vault maps discovered:
D:1:      dpeg_arrival_central, layout_basic, hangedman_decor_points
D:2:      layout_basic, nicolae_dithmenos_shadow_blocks, patterned_corridor,
          uniq_robin
D:3:      layout_basic

Skill      XL: |  1  2 |
---------------+-------+-----
Polearms       | 5 |  5.7
Fighting       | |  2.9
Throwing       | |  2.6
Dodging        | |  4.6

Action                   |  1- 3 |  4- 6 || total
-------------------------+-------+-------++-------
Melee: Trident           |   126 |    68 ||   194
  Use: Scroll            |     3 |     4 ||     7
  Eat: Chunk             |     2 |     2 ||     4
Armor: Leather armour    |    37 |    12 ||    49
Dodge: Dodged            |    87 |    48 ||   135
